 Dungeon Crawl Stone Soup version 0.28-a0-461-g2dc4ca5097 (webtiles) character file.

Game seed: 8619742475544255108

227546 mathmaestro the Bludgeoner (level 18, -2/179 HPs)
             Began as a Troll Monk on Sept 13, 2021.
             Was the Champion of Wu Jian.
             Slain by a water elemental (6 damage)
             ... summoned by Ilsuiw
             ... on level 3 of the Shoals.
             The game lasted 01:33:48 (31169 turns).

mathmaestro the Bludgeoner (Troll Monk)            Turns: 31169, Time: 01:33:49

Health: -2/179     AC: 17    Str: 35    XL:     18   Next: 68%
Magic:  17/17      EV: 11    Int:  1    God:    Wu Jian [******]
Gold:   1968       SH:  0    Dex: 15    Spells: 17/17 levels left

rFire   + . .      SeeInvis .   E - +3 giant club "Skullcrusher" {speed, Str+7}
rCold   + . .      Faith    .   (shield currently unavailable)
rNeg    + + .      Spirit   .   J - +2 steam dragon scales of Impermeability {rPois rN+ Regen+}
rPois   +          Reflect  +   k - +2 hat
rElec   .          Harm     .   l - scarf {shadows}
rCorr   .          Rampage  .   (gloves unavailable)
Will    +....                   (boots unavailable)
Stlth   +.........              y - amulet of Xom's Best Wishes {Reflect rN+ SH+5}
HPRegen 2.39/turn               V - ring of Qaumecw {rF+ Str-2 Slay+5}
MPRegen 0.15/turn               z - ring of Moesk {rPois rC+ AC+4 Int-5 Dex+3}

@: engulfed (cannot breathe), in a heavenly storm, held, glowing, studying
Throwing, very slow
A: large, unfitting armour, claws 3, regeneration 1, shaggy fur 1, tough skin 1
}: 1/15 runes: serpentine
a: Renounce Religion, Wall Jump, Serpent's Lash, Heavenly Storm


You were on level 3 of the Shoals.
You worshipped Wu Jian.
Wu Jian was exalted by your worship.
You visited 7 branches of the dungeon, and saw 32 of its levels.
You also visited: Sewer, Gauntlet and Volcano.

You collected 3237 gold pieces.
You spent 1269 gold pieces at shops.

Inventory:

Hand Weapons
 E - the +3 giant club "Skullcrusher" (weapon) {speed, Str+7}
   (You bought it in a shop on level 4 of the Dungeon)

   Attacks with this weapon are significantly faster.
   Str:       It affects your strength (+7).
Missiles
 i - 8 boomerangs of dispersal
 o - 2 throwing nets
 I - 62 boomerangs
 K - 61 large rocks (quivered)
 P - 24 silver javelins
 Q - 4 javelins
Armour
 k - a +2 hat (worn)
 l - a scarf of shadows (worn)
 J - the +2 steam dragon scales of Impermeability (worn) {rPois rN+ Regen+}
   (You acquired it on level 10 of the Dungeon)

   rPois:     It protects you from poison.
   rN:        It protects you from negative energy.
   Regen:     It increases your rate of health regeneration.
Jewellery
 w - a ring of willpower
 y - the amulet of Xom's Best Wishes (around neck) {Reflect rN+ SH+5}
   (You found it on level 4 of the Lair of Beasts)

   [amulet of reflection]

   It reflects blocked missile attacks.
   rN:        It protects you from negative energy.
   SH:        It affects your SH (+5).
 z - the ring of Moesk (right claw) {rPois rC+ AC+4 Int-5 Dex+3}
   (You found it in a Gauntlet)

   [ring of protection]

   AC:        It affects your AC (+4).
   Int:       It affects your intelligence (-5).
   Dex:       It affects your dexterity (+3).
   rC:        It protects you from cold.
   rPois:     It protects you from poison.
 A - a ring of flight
 V - the ring of Qaumecw (left claw) {rF+ Str-2 Slay+5}
   (You bought it in a shop on level 1 of the Snake Pit)

   [ring of protection from fire]

   Str:       It affects your strength (-2).
   Slay:      It affects your accuracy & damage with ranged weapons and melee
   (+5).
   rF:        It protects you from fire.
Wands
 m - a wand of iceblast (25)
 B - a wand of digging (9)
 D - a wand of paralysis (20)
 H - a wand of acid (33)
 L - a wand of mindburst (49)
 R - a wand of flame (57)
Scrolls
 e - 9 scrolls of blinking
 f - a scroll of enchant weapon
 p - 3 scrolls of fog
 q - a scroll of fear
 u - 10 scrolls of teleportation
 F - a scroll of silence
 G - 11 scrolls of identify
 N - a scroll of holy word
 W - a scroll of magic mapping
Potions
 a - a potion of magic
 b - a potion of heal wounds
 c - 2 potions of berserk rage
 j - 3 potions of flight
 n - 2 potions of invisibility
 r - 11 potions of curing
 s - 5 potions of lignification
 t - 3 potions of ambrosia
 v - 2 potions of mutation
 x - 6 potions of haste
 C - 3 potions of might
Miscellaneous
 d - a tin of tremorstones (2/2)
 g - a piece from Xom's chessboard (15/15)
 h - a box of beasts
 O - a condenser vane
 S - a tin of tremorstones (2/2)
 T - a phantom mirror


   Skills:
 + Level 11.5 Fighting
 * Level 17.5 Maces & Flails
 + Level 13.5 Throwing
 - Level 10.0 Armour
 - Level 10.0 Dodging
 - Level 5.0 Stealth
 - Level 5.0 Unarmed Combat
 - Level 10.0 Evocations


You had 17 spell levels left.
You didn't know any spells.
Your spell library contained the following spells:

 Spells                   Type           Power      Damage    Failure   Level
 Shock                    Conj/Air       0%         1d3       56%         1
 Sting                    Tmut/Pois      0%         1d3       56%         1
 Blink                    Tloc           N/A        N/A       71%         2
 Corpse Rot               Necr/Air       N/A        N/A       71%         2
 Poisonous Vapours        Pois/Air       0%         N/A       71%         2
 Inner Flame              Hex/Fire       0%         N/A       91%         3
 Lesser Beckoning         Tloc           0%         N/A       91%         3
 Ozocubu's Armour         Ice            0%         N/A       91%         3
 Summon Guardian Golem    Hex/Summ       0%         N/A       91%         3
 Tukima's Dance           Hex            0%         N/A       91%         3
 Cause Fear               Hex            0%         N/A       100%        4
 Fulminant Prism          Conj/Hex       0%         3d6       100%        4
 Iskenderun's Mystic Bla  Conj/Tloc      0%         2d3       100%        4
 Leda's Liquefaction      Hex/Erth       0%         N/A       100%        4
 Olgreb's Toxic Radiance  Pois           0%         N/A       100%        4
 Passage of Golubria      Tloc           N/A        N/A       100%        4
 Summon Ice Beast         Ice/Summ       0%         N/A       100%        4
 Lee's Rapid Deconstruct  Erth           0%         3d5*      100%        5
 Manifold Assault         Tloc           0%         N/A       100%        5
 Metabolic Englaciation   Hex/Ice        0%         N/A       100%        5
 Summon Forest            Summ/Tloc      0%         N/A       100%        5
 Summon Mana Viper        Hex/Summ       0%         N/A       100%        5
 Yara's Violent Unravell  Hex/Tmut       0%         3d3       100%        5
 Simulacrum               Ice/Necr       0%         N/A       100%        6
 Statue Form              Tmut/Erth      0%         N/A       100%        6
 Summon Cactus Giant      Summ           0%         N/A       100%        6
 Monstrous Menagerie      Summ           0%         N/A       100%        7
 Orb of Destruction       Conj           0%         N/A       100%        7
 Spellforged Servitor     Conj/Summ      0%         N/A       100%        7
 Discord                  Hex            0%         N/A       100%        8


Dungeon Overview and Level Annotations

Branches:
Dungeon (15/15)            Temple (1/1) D:7            Lair (6/6) D:11
 Shoals (3/4) Lair:2        Snake (4/4) Lair:3        Slime (1/5) Lair:5
    Orc (2/2) D:11            Elf (0/3) Orc:2        Vaults (0/5) D:13
 Depths (0/5) D:15          Sewer (visited)         Volcano (visited)
Gauntlet (visited)

Altars:
Ashenzari
Cheibriados
Dithmenos
Elyvilon
Fedhas
Gozag
Hepliaklqana
Kikubaaqudgha
Makhleb
Nemelex Xobeh
Okawaru
Qazlal
Ru
Sif Muna
Trog
Uskayaw
Vehumet
Wu Jian
Xom
Yredelemnul
Zin
The Shining One
Beogh

Shops:
D:4 (   D:8 *   D:9 [   Orc:1 =   Orc:2 (*:   Shoals:1 (   Snake:1 [=:=

Portals:
Trove: D:15 (give 8 scrolls of blinking)

Annotations:
Shoals:3 Ilsuiw


Innate Abilities, Weirdness & Mutations

You are too large for most types of armour.
You have claws for hands.
Your natural rate of healing is unusually fast.
You are covered in fur. (AC +1)
You have tough skin. (AC +1)


Message History

The merfolk closely misses you.
The merfolk javelineer hits you from afar with a +1 spear of freezing!
* * * LOW HITPOINT WARNING * * *
Unknown command.
You struggle against the net.
* * * LOW HITPOINT WARNING * * *
Your lungs strain for air!
You hear a shout!
Ilsuiw gestures wildly while chanting.
Ilsuiw blinks!
The water elemental hits you. The merfolk barely misses you.
The merfolk throws a boomerang.
The boomerang hits you.
* * * LOW HITPOINT WARNING * * *
The water elemental barely misses you.
The merfolk javelineer hits you from afar with a +1 spear of freezing.
* * * LOW HITPOINT WARNING * * *
The merfolk javelineer freezes you.
* * * LOW HITPOINT WARNING * * *
A merfolk impaler comes into view. It is wielding a +0 trident.
You feel much better.
* * * LOW HITPOINT WARNING * * *
Your lungs strain for air!
The merfolk hits you from afar with a +0 trident!
* * * LOW HITPOINT WARNING * * *
The water elemental barely misses you.
The merfolk throws a boomerang.
The boomerang closely misses you. The water elemental hits you.
The merfolk javelineer hits you from afar with a +1 spear of freezing!
* * * LOW HITPOINT WARNING * * *
The merfolk javelineer freezes you.
* * * LOW HITPOINT WARNING * * *
The merfolk impaler hits you from afar with a +0 trident.
* * * LOW HITPOINT WARNING * * *
Unknown command.
You feel much better.
* * * LOW HITPOINT WARNING * * *
Your lungs strain for air!
The water elemental closely misses you.
The merfolk hits you from afar with a +0 trident!!
* * * LOW HITPOINT WARNING * * *
The merfolk impaler barely misses you. The water elemental hits you.
You die...

≈...##......#
...≈≈≈≈...#..
≈...##.....##
#.≈≈≈≈≈≈...#
≈...#.....## .≈≈≈≈≈
≈≈........## .≈≈≈≈≈
≈≈≈≈≈≈≈≈...######.≈≈≈≈≈
#.≈≈≈≈≈≈≈≈...##§☼§○≈≈≈≈
##≈≈≈≈≈≈≈≈≈≈.☼m§☼§§≈≈≈≈
...(.≈≈≈≈≈≈≈≈☼§E§§§....
..≈≈≈≈≈≈≈≈≈≈≈☼mE@§§....
≈≈≈≈≈≈≈≈≈≈≈≈≈§§E§§§....
≈≈≈≈≈≈≈≈(≈≈≈≈§§§m§m....
≈≈≈≈≈≈((≈≈.≈.≈.........
≈≈≈≈≈≈≈§≈≈.......m.....
≈≈≈≈≈≈≈≈≈≈..≈..........
≈≈≈...........


You could see a merfolk impaler, a merfolk javelineer, 2 merfolk and 3 water
elementals.

Vanquished Creatures
  Mara (Snake:3)
  Mlioglotl (Shoals:3)
  A quicksilver dragon (Snake:4)
  Kirke (Snake:2)
  3 nagarajas (Snake:4)
  The ghost of bronco the Earth Mage, a journeyman FoEE of Cheibriados (Lair:6)
  2 frost giants (D:13)
  Aizul (Snake:3)
  An orc warlord (Orc:2)
  Louise (D:14)
  A balrug (Gauntlet)
  Nessos (D:15)
  Azrael (D:15)
  A minotaur (Gauntlet)
  2 merfolk javelineers (Shoals:3)
  2 eleionomae (Shoals:1)
  An ettin (Orc:1)
  2 merfolk impalers
  2 fire dragons
  Josephine (Lair:4)
  3 boulder beetles
  Fannar (D:10)
  3 salamander tyrants
  10 naga warriors
  9 hydras
  A catoblepas (Lair:3)
  11 anacondas
  2 ogre magi
  A merfolk avatar (Shoals:1)
  2 centaur warriors
  An alligator snapping turtle (Shoals:3)
  2 dancing weapons (D:12)
  3 tengu warriors
  9 two-headed ogres
  4 satyrs
  A death knight (D:15)
  The ghost of Demosthentine the Spear-Bearer, a novice MfGl of the Shining One (D:7)
  9 death yaks (Lair:6)
  4 orc high priests (Orc:2)
  The ghost of robertstho the Thaumaturge, a novice DjFE of Gozag (D:7)
  7 shock serpents
  A wretched star (Gauntlet)
  The ghost of freelancePsychic the Conjurer, a novice DrCj of Cheibriados (D:8)
  18 naga sharpshooters
  6 skeletal warriors
  A flayed ghost (D:13)
  2 salamander mystics (Snake:3)
  4 sea snakes (Shoals:1)
  An orange crystal statue (D:9)
  A swamp dragon (Lair:6)
  11 naga ritualists
  A wizard (D:14)
  A phantasmal warrior (D:15)
  10 harpies
  A necromancer (D:15)
  2 deep elf pyromancers (D:13)
  A lindwurm (Volcano)
  4 orc knights
  14 mana vipers
  A wolf spider (Lair:6)
  8 ugly things
  15 cyclopes
  3 manticores
  16 fauns
  2 frost giant zombies (D:15)
  21 salamanders
  3 orc sorcerers (Orc:2)
  A moth of wrath (Lair:6)
  A black mamba (shapeshifter) (D:13)
  Joseph (D:8)
  50 black mambas
  An elephant (Lair:4)
  The ghost of SkeletonJelly the Arsonist, a novice TeCA of Ignis (D:7)
  10 guardian serpents
  4 water nymphs
  8 merfolk sirens
  4 torpor snails
  Maggie (D:6)
  11 cane toads
  10 naga magi
  A gargoyle (D:13)
  4 freezing wraiths
  3 rime drakes
  A yaktaur (D:15)
  An efreet (D:13)
  10 komodo dragons
  5 tengu conjurers
  8 trolls
  3 hornets (Lair:6)
  9 merfolk
  2 wind drakes
  Grinder (D:6)
  6 polar bears
  3 snapping turtles
  22 blink frogs
  An ettin zombie (D:15)
  13 slime creatures
  6 dream sheep (Lair:4)
  6 wraiths
  4 redbacks (Lair:6)
  A spriggan skeleton (D:15)
  4 spriggans (Lair:6)
  2 water elementals
  15 wyverns
  52 yaks
  4 fire elementals
  5 fire bats (Volcano)
  Eustachio (D:6)
  5 basilisks
  4 hogs
  7 vampire mosquitoes
  6 steam dragons
  A warg (Orc:2)
  2 small abominations (Gauntlet)
  44 nagas
  6 acid dragons
  21 water moccasins
  9 hell hounds
  A hornet zombie (D:6)
  34 orc warriors
  An ice beast (D:5)
  A sky beast (D:5)
  10 black bears
  13 centaurs
  11 ogres
  A necrophage (D:7)
  11 wolves
  A kobold brigand (D:9)
  17 bullfrogs
  3 gnoll sergeants
  2 scorpions
  3 wyvern zombies
  A water moccasin zombie (D:5)
  9 wights
  4 electric eels
  11 howler monkeys
  7 jellies
  6 lava snakes (Volcano)
  2 centaur zombies (D:9)
  2 bullfrog skeletons (D:5)
  7 hounds
  A centaur skeleton (D:7)
  2 gnoll shamans
  Crazy Yiuf (D:5)
  24 orc priests
  Terence (D:2)
  17 orc wizards
  6 iguanas
  6 hell rats (Lair:6)
  2 howler monkey zombies
  13 adders
  22 gnolls
  2 howler monkey skeletons (D:7)
  5 river rats
  A white imp (D:8)
  2 ufetubi
  A worm (D:3)
  3 dart slugs
  64 orcs
  10 ball pythons
  9 endoplasms
  2 giant cockroaches
  5 goblins
  6 hobgoblins
  12 jackals
  9 kobolds
  4 quokkas
  7 bats
  7 frilled lizards
  A quokka skeleton (D:4)
  34 rats
1099 creatures vanquished.

Vanquished Creatures (collateral kills)
  A moth of wrath (Lair:6)
  A bullfrog (Sewer)
  An adder (Sewer)
  A ball python (Sewer)
  A frilled lizard (Sewer)
5 creatures vanquished.

Vanquished Creatures (others)
  A blink frog (Lair:5)
  A hell hound (Volcano)
  29 fungi
  88 plants
  2 withered plants (D:15)
121 creatures vanquished.

Grand Total: 1225 creatures vanquished

Notes
Turn   | Place    | Note
-------+----------+-------------------------------------------
     0 | D:1      | mathmaestro the Troll Monk began the quest for the Orb.
     0 | D:1      | Reached XP level 1. HP: 22/22 MP: 0/0
   165 | D:1      | Reached XP level 2. HP: 29/29 MP: 1/1
   241 | D:1      | Found a faded altar of an unknown god.
   691 | D:1      | Reached skill level 1 in Armour
   691 | D:1      | Reached XP level 3. HP: 36/36 MP: 2/2
  1204 | D:2      | Noticed Terence
  1216 | D:2      | Killed Terence
  1217 | D:2      | Reached XP level 4. HP: 32/44 MP: 3/3
  1779 | D:3      | Reached XP level 5. HP: 45/53 MP: 4/4
  2287 | D:4      | Reached XP level 6. HP: 16/61 MP: 5/5
  2439 | D:4      | Found Fopishrol's Weapon Shop.
  2533 | D:5      | Entered Level 5 of the Dungeon
  2566 | D:5      | Noticed an ice beast
  2578 | D:5      | Killed an ice beast
  2691 | D:5      | Noticed a water moccasin
  2696 | D:5      | Killed a water moccasin
  2697 | D:5      | Reached XP level 7. HP: 65/68 MP: 6/6
  2796 | D:5      | Identified the +7 long sword "Tuuly" {vorpal, Int+6 Dex+2}
  2823 | D:5      | Reached skill level 5 in Unarmed Combat
  3007 | D:5      | Found a glowing drain.
  3013 | Sewer    | Entered a sewer
  3199 | Sewer    | Reached XP level 8. HP: 77/79 MP: 7/7
  3455 | D:5      | Found a runed translucent door.
  3456 | D:5      | Noticed Crazy Yiuf
  3466 | D:5      | Killed Crazy Yiuf
  3467 | D:5      | Reached skill level 5 in Dodging
  4169 | D:6      | Noticed Grinder
  4182 | D:6      | Reached skill level 5 in Fighting
  4196 | D:6      | Killed Grinder
  4197 | D:6      | Reached skill level 1 in Maces & Flails
  4249 | D:6      | Reached skill level 1 in Throwing
  4285 | D:6      | Reached skill level 2 in Maces & Flails
  4285 | D:6      | Reached skill level 1 in Evocations
  4290 | D:6      | Noticed Maggie
  4313 | D:6      | Killed Maggie
  4314 | D:6      | Reached XP level 9. HP: 30/88 MP: 8/8
  4572 | D:6      | Reached skill level 3 in Maces & Flails
  4783 | D:6      | Noticed Eustachio
  4801 | D:6      | Killed Eustachio
  5489 | D:7      | Found a runed translucent gate.
  5489 | D:7      | Found a runed translucent gate.
  5494 | D:7      | Found a runed translucent gate.
  5502 | D:7      | Noticed robertstho's ghost (novice DjFE)
  5502 | D:7      | Noticed Demosthentine's ghost (novice MfGl)
  5502 | D:7      | Noticed SkeletonJelly's ghost (novice TeCA)
  5577 | D:7      | Found a staircase to the Ecumenical Temple.
  5787 | D:7      | Reached skill level 4 in Maces & Flails
  5943 | D:8      | Noticed Joseph
  5963 | D:8      | Killed Joseph
  5964 | D:8      | Reached skill level 5 in Armour
  6086 | D:8      | Noticed a two-headed ogre
  6091 | D:8      | Killed a two-headed ogre
  6092 | D:8      | Reached XP level 10. HP: 36/98 MP: 9/9
  6264 | D:8      | Found a transporter.
  6267 | D:8      | Noticed freelancePsychic's ghost (novice DrCj)
  6283 | D:8      | Reached skill level 5 in Maces & Flails
  6739 | D:8      | Found Menkywn's General Store.
  6803 | D:8      | Identified the +3 great mace of the Dungeon {elec, Stlth+}
  6934 | D:9      | Noticed a two-headed ogre
  6946 | D:9      | Killed a two-headed ogre
  7285 | D:4      | Bought the +3 giant club "Skullcrusher" {speed, Str+7} for
                  | 459 gold pieces
  7285 | D:4      | Found the +3 giant club "Skullcrusher" {speed, Str+7}
  7506 | D:9      | Noticed a two-headed ogre
  7524 | D:9      | Reached skill level 6 in Maces & Flails
  7534 | D:9      | Noticed a two-headed ogre
  7547 | D:9      | Killed a two-headed ogre
  7549 | D:9      | Killed a two-headed ogre
  7550 | D:9      | Reached XP level 11. HP: 61/107 MP: 10/10
  7737 | D:9      | You fall into a shaft and drop 3 floors!
  7746 | D:12     | Noticed a green ugly thing
  7755 | D:12     | Killed a green ugly thing
  7756 | D:12     | Reached skill level 7 in Maces & Flails
  7992 | D:12     | Noticed a boulder beetle
  8052 | D:12     | Reached skill level 5 in Throwing
  8456 | D:12     | Killed a boulder beetle
  8674 | D:11     | Found a staircase to the Lair.
  8715 | D:10     | Entered Level 10 of the Dungeon
  8784 | D:10     | Identified the +0 pair of gloves of Existentialism {rPois
                  | Regen+ Int-2 Dex+5}
  8877 | D:9      | Noticed an orange crystal statue
  8889 | D:9      | Found a blossoming altar of Fedhas.
  8921 | D:9      | Found Wecy's Antique Armour Emporium.
  9099 | D:9      | Killed an orange crystal statue
  9100 | D:9      | Reached skill level 8 in Maces & Flails
  9537 | D:10     | Identified a scroll of acquirement
  9537 | D:10     | Acquired the +2 steam dragon scales of Impermeability
                  | {rPois rN+ Regen+}
  9756 | D:10     | Noticed Fannar
  9756 | D:10     | Noticed a two-headed ogre
  9762 | D:10     | Killed Fannar
  9763 | D:10     | Reached XP level 12. HP: 58/118 MP: 11/11
  9765 | D:10     | Killed a two-headed ogre
 10024 | D:11     | Found a staircase to the Orcish Mines.
 10369 | D:11     | Reached skill level 5 in Evocations
 10428 | D:11     | Noticed a boulder beetle
 10438 | D:11     | Killed a boulder beetle
 10507 | Lair:1   | Entered Level 1 of the Lair of Beasts
 10529 | Lair:1   | Reached skill level 9 in Maces & Flails
 12012 | Lair:2   | Found a staircase to the Shoals.
 12447 | Lair:3   | Noticed a catoblepas
 12471 | Lair:3   | Killed a catoblepas
 12616 | Lair:3   | Reached XP level 13. HP: 127/127 MP: 12/12
 12680 | Lair:3   | Reached skill level 10 in Maces & Flails
 13023 | Lair:3   | Found a staircase to the Snake Pit.
 13591 | Lair:4   | Identified the amulet of Xom's Best Wishes {Reflect rN+
                  | SH+5}
 13650 | Lair:4   | Found a gate leading to a gauntlet.
 13658 | Gauntlet | Entered a Gauntlet
 13658 | Gauntlet | Found a transporter.
 13664 | Gauntlet | Found a transporter.
 13668 | Gauntlet | Found a transporter.
 13672 | Gauntlet | Found a transporter.
 13682 | Gauntlet | Found a transporter.
 13682 | Gauntlet | Found a transporter.
 13688 | Gauntlet | Noticed a balrug
 13689 | Gauntlet | Found a transporter.
 13695 | Gauntlet | Found a transporter.
 13739 | Gauntlet | Found a transporter.
 13757 | Gauntlet | Found a transporter.
 13760 | Gauntlet | Found a transporter.
 13770 | Gauntlet | Found a transporter.
 13816 | Gauntlet | Identified the ring of Moesk {rPois rC+ AC+4 Int-5 Dex+3}
 13845 | Gauntlet | Killed a balrug
 13851 | Gauntlet | Identified the +0 cloak of Love and Death {rF- Str+7 Int-5
                  | Dex+3}
 13927 | Gauntlet | Identified the +4 plate armour "Moclexu" {rF- Str+2 Stlth+}
 13927 | Gauntlet | Noticed a minotaur
 13945 | Gauntlet | Killed a minotaur
 13952 | Gauntlet | Identified the ring of Rubits {MP+9 Int+7 Stlth-}
 14313 | Lair:4   | Reached skill level 11 in Maces & Flails
 14372 | Lair:4   | Noticed Josephine
 14383 | Lair:4   | Killed Josephine
 14921 | Lair:5   | Found a staircase to the Slime Pits.
 14943 | Lair:5   | Reached XP level 14. HP: 83/137 MP: 13/13
 14974 | Slime:1  | Entered Level 1 of the Pits of Slime
 14985 | Slime:1  | Noticed an acid blob
 15596 | Lair:5   | Found a snail-covered altar of Cheibriados.
 16052 | Temple   | Entered the Ecumenical Temple
 16135 | Temple   | Became a worshipper of the Wu Jian Council
 16135 | Temple   | Reached * piety under Wu Jian
 16135 | Temple   | Reached ** piety under Wu Jian
 16217 | D:7      | Killed robertstho's ghost
 16224 | D:7      | Killed SkeletonJelly's ghost
 16238 | D:7      | Killed Demosthentine's ghost
 16364 | D:8      | Found a transporter.
 16381 | D:8      | Killed freelancePsychic's ghost
 16548 | Lair:6   | Entered Level 6 of the Lair of Beasts
 16728 | Lair:6   | Reached *** piety under Wu Jian
 16976 | Lair:6   | Found a dark tunnel.
 16990 | Volcano  | Entered a volcano
 17174 | Volcano  | Reached **** piety under Wu Jian
 17234 | Volcano  | Found a radiant altar of Vehumet.
 17277 | Volcano  | Found a bloodstained altar of Trog.
 17342 | Lair:6   | Reached skill level 12 in Maces & Flails
 17513 | Lair:6   | Found a transporter.
 17596 | Lair:6   | Noticed bronco's ghost (journeyman FoEE)
 17618 | Lair:6   | Found a transporter.
 17968 | Lair:6   | Reached XP level 15. HP: 149/149 MP: 14/14
 18276 | Lair:6   | Found a bloodstained altar of Trog.
 18322 | Lair:6   | Killed bronco's ghost
 18685 | Orc:1    | Entered Level 1 of the Orcish Mines
 18771 | Orc:1    | Reached ***** piety under Wu Jian
 18881 | Orc:1    | Found Aschuh's Jewellery Boutique.
 18956 | Orc:2    | Entered Level 2 of the Orcish Mines
 19170 | Orc:2    | Found a staircase to the Elven Halls.
 19207 | Orc:2    | Found Acack's General Store.
 19217 | Orc:2    | Paralysed by an orc sorcerer for 6 turns
 19261 | Orc:2    | Noticed an orc warlord
 19262 | Orc:2    | Found Bobauv's Antique Armour Shop.
 19277 | Orc:2    | Killed an orc warlord
 19339 | Orc:1    | Reached skill level 10 in Dodging
 19474 | Orc:2    | Found Vasiyt's Book Shop.
 19539 | Orc:2    | Found a shimmering blue altar of Sif Muna.
 19558 | Orc:2    | Got Sif Muna's Almanac of Feathers
 19608 | Orc:2    | Found Xizu Gedo's Antique Weapon Boutique.
 20008 | D:8      | Bought a scroll of fog for 30 gold pieces
 20156 | D:12     | Reached skill level 10 in Fighting
 20878 | D:13     | Found a runed translucent door.
 20880 | D:13     | Noticed a frost giant
 20880 | D:13     | Noticed a frost giant
 20903 | D:13     | Reached skill level 13 in Maces & Flails
 21463 | D:13     | Found a gate to the Vaults.
 21530 | D:13     | Killed a frost giant
 21536 | D:13     | Killed a frost giant
 21639 | D:14     | Noticed Louise
 21661 | D:14     | Killed Louise
 22097 | D:14     | Reached skill level 10 in Armour
 22728 | D:15     | Entered Level 15 of the Dungeon
 22741 | D:15     | Noticed Azrael
 22770 | D:14     | Reached skill level 10 in Throwing
 22772 | D:14     | Reached XP level 16. HP: 149/158 MP: 15/15
 22802 | D:15     | Killed Azrael
 23010 | D:15     | Found a staircase to the Depths.
 23135 | D:15     | Reached skill level 14 in Maces & Flails
 23344 | D:15     | Noticed Nessos
 23363 | D:15     | Killed Nessos
 23390 | D:15     | Reached ****** piety under Wu Jian
 23537 | D:15     | Found a shadowy altar of Dithmenos.
 23896 | D:15     | Found a portal to a secret trove of treasure.
 24148 | Snake:1  | Entered Level 1 of the Snake Pit
 24485 | Snake:1  | Found Ziurosak's Armour Shoppe.
 24791 | Snake:1  | Found Uha Rugo's Jewellery Shop.
 24791 | Snake:1  | Found Paenowurgh's Jewellery Shop.
 24791 | Snake:1  | Found Cehedeamn's Book Shoppe.
 24801 | Snake:1  | Bought the ring of Qaumecw {rF+ Str-2 Slay+5} for 780 gold
                  | pieces
 24918 | Snake:1  | Reached skill level 15 in Maces & Flails
 25719 | Snake:2  | Acquired a manual of Throwing
 26472 | Snake:2  | Reached XP level 17. HP: 157/166 MP: 16/16
 26558 | Snake:3  | Noticed Kirke
 26680 | Snake:2  | Killed Kirke
 26902 | Snake:3  | Noticed Mara
 26907 | Snake:3  | Noticed mathmaestro's illusion
 26950 | Snake:3  | Noticed mathmaestro's illusion
 26956 | Snake:3  | Killed Mara
 26957 | Snake:3  | Reached skill level 10 in Evocations
 27217 | Snake:3  | Reached skill level 16 in Maces & Flails
 27437 | Snake:3  | Noticed Aizul
 27451 | Snake:3  | Killed Aizul
 27720 | Snake:4  | Entered Level 4 of the Snake Pit
 28644 | Snake:4  | Reached XP level 18. HP: 114/176 MP: 17/17
 28982 | Snake:4  | Got a serpentine rune of Zot
 29348 | Shoals:1 | Entered Level 1 of the Shoals
 29555 | Shoals:1 | Found Niac's Antique Weapon Boutique.
 29702 | Shoals:1 | Reached skill level 17 in Maces & Flails
 30417 | Shoals:2 | Reached skill level 5 in Stealth
 31074 | Shoals:3 | Noticed Mlioglotl
 31078 | Shoals:3 | Noticed a bone dragon
 31084 | Shoals:3 | Killed Mlioglotl
 31151 | Shoals:3 | Noticed Ilsuiw
 31168 | Shoals:3 | HP: 8/179 [merfolk javelineer (12)]
 31168 | Shoals:3 | HP: 3/179 [merfolk impaler (4)]
 31169 | Shoals:3 | Slain by a water elemental

Illustrated notes

Levels and vault maps discovered:
D:1:      ncdulo_watergridlock, layout_loops_ring,
          dreamdust_ecumenical_altar_hidden_monk_grotto,
          chequers_serial_rivers_room_a
D:2:      layout_rooms, uniq_terence
D:3:      layout_basic
D:4:      layout_rooms, serial_shops, nicolae_square_shop
D:5:      layout_basic, gup_sewer_entry_bubbles, uniq_crazy_yiuf_cottage
D:6:      layout_basic, nrook_pool_corridor, corexii_leaking_fountain,
          minmay_hedge_maze, uniq_grinder, uniq_eustachio, uniq_maggie
D:7:      layout_gridville, minmay_temple_entry_crystal_x,
          gammafunk_ghost_cemetery
D:8:      layout_cave_pools, gammafunk_ghost_smash, nicolae_take_the_stairs,
          uniq_joseph
D:9:      layout_cave_pools, lemuel_doored_altar, serial_shops,
          nicolae_shop_behind_doors, minivault_16, grunt_potential
D:10:     layout_basic, minivault_11, uniq_fannar
D:11:     layout_rooms, erik_lair_island, minmay_orc_entry_temple_small
D:12:     layout_stronghold
D:13:     layout_small_grid, erik_vaults_1, minmay_hidden_floor
D:14:     layout_cave_pods, dk_noncrumbling_2, uniq_louise
D:15:     gammafunk_depths_entry_grave, layout_small_grid, enter_trove_2,
          serial_glass, glass_columns_a, glass_columns_b, glass_columns_b,
          glass_columns_c, glass_columns_a, glass_columns_b, glass_columns_c,
          glass_columns_b, nicolae_dithmenos_the_darkroom, uniq_azrael,
          uniq_nessos
Temple:   grunt_wide_crystal_templ
Lair:1:   beast_lair_carwin_large_3, layout_concentric_octagons,
          lemuel_fruit_tree, infiniplex_staircase_pool_2
Lair:2:   layout_big_grid, elwin_shoals_entry_stream,
          nicolae_lair_grove_arrangements, lemuel_fruit_fields
Lair:3:   layout_hall_layers, minmay_snake_entry_guardpost_small,
          beast_lair_carwin_2, grunt_megastairs_2, infiniplex_staircase_pool
Lair:4:   layout_layer_cave, gauntlet_entry_generic, beast_lair_carwin_6,
          grunt_megastairs_4, uniq_josephine
Lair:5:   layout_layer_cave, nicolae_slime_entry_slimehenge,
          kennysheep_snail_temple
Lair:6:   hangedman_lair_tendril_chambers, layout_misc_corridors,
          guppyfry_lair_end_dragon, enter_volcano_3,
          gammafunk_ghost_wrathful_warriors
Shoals:1: layout_shoals, serial_shops, shop, nicolae_shoals_enchanted_isle
Shoals:2: layout_shoals, st_cyclops
Shoals:3: layout_shoals, nicolae_shoals_land_atoll, hangedman_shoals_cup_caves,
          uniq_ilsuiw, uniq_mlioglotl
Snake:1:  layout_grid_maze, serial_shops, shop, drop_trap, minmay_shop_grove
Snake:2:  layout_cave_town
Snake:3:  layout_honeycomb, uniq_kirke, uniq_mara, uniq_aizul
Snake:4:  hellmonk_snake_rune_quicksilver_temple, layout_onion
Slime:1:  layout_caves, cheibrodos_slime_lost_civilization_6
Orc:1:    layout_diamond_mine, serial_shops, shop
Orc:2:    grunt_orc_gardens, layout_caves, grunt_orc_garden, grunt_orc_garden,
          grunt_orc_garden, grunt_orc_garden, led_sif_book

Skill      XL: |  1  2  3  4  5  6  7  8  9 10 11 12 13 14 15 16 17 18 |
---------------+-------------------------------------------------------+-----
Armour         | 1 2 3 4 5 6 7 8 9 10 | 10.0
Dodging        | 3 4 5 6 7 8 9 10 | 10.0
Fighting       | 3 4 5 6 7 8 9 10 11 | 11.5
Unarmed Combat | 4 5 |  5.0
Maces & Flails | 2 4 6 8 9 11 12 13 15 16 17 | 17.5
Throwing       | 1 3 4 5 6 7 8 10 12 13 | 13.5
Evocations     | 1 2 3 4 5 6 7 8 9 10 | 10.0
Stealth        | 2 4 5 |  5.0

Action                   |  1- 3 |  4- 6 |  7- 9 | 10-12 | 13-15 | 16-18 || total
-------------------------+-------+-------+-------+-------+-------+-------++-------
Melee: Unarmed           |   119 |   134 |   307 |    63 |       |     6 ||   629
       Punch             |     1 |     5 |     7 |     2 |       |       ||    15
       Giant spiked club |       |       |    38 |    42 |       |       ||    80
       Giant club        |       |       |       |   612 |  1557 |  1402 ||  3571
Throw: Large rock        |       |       |       |       |     3 |    24 ||    27
       Throwing net      |       |       |       |       |     1 |       ||     1
       Boomerang         |       |       |       |       |     2 |     2 ||     4
Invok: Whirlwind         |       |       |       |       |   256 |   236 ||   492
       Lunge             |       |       |       |       |    70 |   120 ||   190
       Serpent's Lash    |       |       |       |       |     2 |     2 ||     4
       Heavenly Storm    |       |       |       |       |     1 |     1 ||     2
 Abil: Wall Jump         |       |       |       |       |     4 |     6 ||    10
Evoke: Wand              |       |       |     4 |     5 |     4 |     2 ||    15
  Use: Scroll            |       |       |    15 |    13 |     9 |     1 ||    38
       Potion            |       |       |     3 |     2 |    11 |     7 ||    23
 Stab: Sleeping          |     3 |     4 |     3 |       |     2 |     8 ||    20
       Paralysed         |       |       |       |     4 |     3 |       ||     7
       Petrifying        |       |       |       |     1 |       |       ||     1
       Petrified         |       |       |       |     1 |       |       ||     1
       Held in net/web   |       |       |       |       |     2 |       ||     2
       Distracted        |       |       |       |       |     2 |     3 ||     5
Armor: Robe              |    28 |    36 |    82 |       |       |       ||   146
       Acid dragon scale |       |       |    79 |   197 |       |       ||   276
       Steam dragon scal |       |       |       |   104 |   553 |   282 ||   939
Dodge: Dodged            |    61 |    76 |   265 |   416 |   673 |   455 ||  1946
Block: Other             |       |       |       |       |   210 |   172 ||   382
       Reflection        |       |       |       |       |     1 |    27 ||    28

Table legend: (Time is in decaauts)
 A = Elapsed time spent in this place.
 B = Non-inter-level travel time spent in this place.
 C = Inter-level travel time spent in this place.
 D = Time resting spent in this place.
 E = Time spent auto-exploring this place.
 F = Levels seen in this place.
 G = Mean time per level.
                   A        B        C        D        E       F      G
               +--------+--------+--------+--------+--------+-----+--------+
         Total |  30767 |  28322 |   2445 |   2669 |  18297 |  35 |  879.1 |
       Dungeon |  14632 |  13186 |   1446 |   1195 |   8852 |  15 |  975.5 |
        Temple |    104 |     88 |     16 |      0 |     64 |   1 |  104.0 |
          Lair |   7096 |   6469 |    627 |    308 |   4407 |   6 | 1182.7 |
        Shoals |   1936 |   1872 |     64 |    119 |   1226 |   3 |  645.3 |
     Snake Pit |   4744 |   4543 |    201 |    913 |   2553 |   4 | 1186.0 |
    Slime Pits |     15 |     15 |      0 |      0 |     10 |   1 |   15.0 |
  Orcish Mines |   1234 |   1146 |     88 |     18 |    808 |   2 |  617.0 |
         Sewer |    407 |    407 |      0 |     62 |    170 |   1 |  407.0 |
       Volcano |    288 |    288 |      0 |      0 |    162 |   1 |  288.0 |
      Gauntlet |    307 |    307 |      0 |     53 |     45 |   1 |  307.0 |
               +--------+--------+--------+--------+--------+-----+--------+

Top non-repeatable levels by time:
  Lair:6: 1535 daAuts
  Lair:3: 1366 daAuts
    D:12: 1363 daAuts
     D:7: 1289 daAuts
 Snake:2: 1262 daAuts
  Lair:1: 1238 daAuts
     D:5: 1229 daAuts
    D:14: 1217 daAuts
 Snake:3: 1205 daAuts
     D:8: 1185 daAuts
 Snake:4: 1171 daAuts
    D:15: 1134 daAuts
 Snake:1: 1104 daAuts
  Lair:5: 1074 daAuts
    D:10: 1031 daAuts
